 Dungeon Crawl Stone Soup version 0.30-a0-269-gf0224bf7b6 (webtiles) character file.

Game seed: 6610247133529905363

19 bande the Shield-Bearer (level 2, -3/19 HPs)
             Began as a Gargoyle Fighter on Oct 14, 2022.
             Splashed by a jelly's acid (7 damage)
             ... on level 2 of the Dungeon.
             The game lasted 00:01:06 (922 turns).

bande the Shield-Bearer (Gargoyle Fighter)           Turns: 922, Time: 00:01:07

Health: -3/19      AC: 14    Str: 19    XL:     2   Next: 75%
Magic:  2/2        EV:  5    Int:  8    God:
Gold:   35         SH:  4    Dex:  9    Spells: 1/1 levels left

rFire   . . .      SeeInvis .    a - +0 war axe
rCold   . . .      Faith    .    c - +0 buckler
rNeg    + . .      Spirit   .    f - +0 plate armour
rPois   ∞          Reflect  .    (no helmet)
rElec   +          Harm     .    (no cloak)
rCorr   .          Rampage  .    (no gloves)
Will    .....                    (no boots)
Stlth   ..........               (no amulet)
HPRegen 0.23/turn                (no ring)
MPRegen 0.08/turn                (no ring)

@: no status effects
A: sickness immunity, AC +2, negative energy resistance 1, electricity
resistance, torment resistance 1, petrification resistance
a: no special abilities


You were on level 2 of the Dungeon.
You visited 1 branch of the dungeon, and saw 2 of its levels.

You collected 35 gold pieces.

Inventory:

Hand Weapons
 a - a +0 war axe (weapon)
Armour
 c - a +0 buckler (worn)
 f - a +0 plate armour (worn)
Scrolls
 b - a scroll of fear {unknown}
 h - a scroll of identify {unknown}
 k - a scroll of amnesia {unknown}
 l - 3 scrolls of brand weapon {unknown}
Potions
 d - a potion of might
 e - a potion of berserk rage {unknown}
 g - a potion of lignification {unknown}
 i - a potion of resistance {unknown}
 j - a potion of heal wounds {unknown}


   Skills:
 + Level 3.5 Fighting
 + Level 2.0 Axes
 + Level 3.6 Armour
 + Level 3.6 Shields


You had one spell level left.
You didn't know any spells.
Your spell library contained the following spells:

 Spells                   Type           Power      Damage    Failure   Level
 Apportation              Tloc           0%         N/A       100%        1
 Necrotise                Necr           0%         1d4       100%        1
 Summon Small Mammal      Summ           0%         N/A       100%        1
 Portal Projectile        Hex/Tloc       0%         N/A       100%        3
 Tukima's Dance           Hex            0%         N/A       100%        3
 Summon Lightning Spire   Summ/Air       0%         N/A       100%        4
 Blade Hands              Tmut           0%         N/A       100%        5
 Storm Form               Tmut/Air       0%         N/A       100%        7
 Maxwell's Capacitive Co  Air            0%         ∞         100%        8


Dungeon Overview and Level Annotations

Branches:
Dungeon (2/15)

Altars:


Innate Abilities, Weirdness & Mutations

You are immune to sickness and miasma.
Your stone body is resilient. (AC +2)
You are immune to poison.
You resist negative energy. (rN+)
You are resistant to electric shocks. (rElec)
You are resistant to unholy torment.
You are immune to petrification.


Message History

A kobold comes into view. It is wielding a +0 dagger.
The kobold shouts!
The kobold throws a stone.
The stone hits you but does no damage. The kobold hits you but does no damage.
You closely miss the kobold. You block the kobold's attack.
You hit the kobold.
You kill the kobold!
No target in view!
No target in view!
No target in view!
No target in view!
No target in view!
Things that are here:
a +0 dagger; 2 stones; a kobold corpse You open the door. 2 endoplasms come into view.
The endoplasm quivers.
Found a goblin skeleton.
There are monsters nearby!
There are monsters nearby! 2 jellies and 6 endoplasms come into view.
Found a rat skeleton, a goblin skeleton and a scroll labelled ZOIFFI WUMAI.
The endoplasm quivers. x3; The jelly quivers.
The endoplasm quivers. x2
The jelly quivers.
The endoplasm quivers.
The endoplasm hits you but does no damage.
There is an open door here.
You hit the jelly.
Your hands burn!
The jelly is heavily wounded.
You hit the endoplasm.
The endoplasm hits the fungus.
The fungus begins to die.
The endoplasm hits the fungus.
The endoplasm freezes you.
You are frozen.
You hit the jelly but do no damage.
Your hands burn!
The jelly is heavily wounded.
You hit the endoplasm.
The endoplasm hits the fungus.
The endoplasm freezes you.
You are frozen.
The endoplasm hits the fungus.
The jelly hits you.
* * * LOW HITPOINT WARNING * * *
You are splashed with acid!
You die...

#.#.# #.......# .#
#.#.# #.......# #
#.#.# #.......#
..#.# #.......#
..#.#### ####....#
....#..###..'....#
..##...##.########
..##...###.)....##
####...# #######@#
#.### ...JJPJJ.#
#.# ..÷..JJJJ#
####.###
...P.PJJ.#
.......#
....÷P...#
.......#
.........#
.###.###
?P......÷#
.###.###
##########
#.##...########


You could see 2 jellies and 8 endoplasms.

Vanquished Creatures
  A dart slug (D:2)
  3 endoplasms
  2 giant cockroaches (D:2)
  A quokka (D:1)
  A frilled lizard (D:2)
  7 kobolds
  2 rats
17 creatures vanquished.

Vanquished Creatures (others)
  13 toadstools (D:2)
13 creatures vanquished.

Grand Total: 30 creatures vanquished

Notes
Turn   | Place    | Note
-------+----------+-------------------------------------------
     0 | D:1      | bande the Gargoyle Fighter began the quest for the Orb.
     0 | D:1      | Reached XP level 1. HP: 14/14 MP: 1/1
   704 | D:2      | Reached XP level 2. HP: 19/19 MP: 2/2
   922 | D:2      | Splashed by a jelly's acid

Illustrated notes

Levels and vault maps discovered:
D:1:      dpeg_arrival_line_fractal, layout_loops_ring, hex_medium
D:2:      cheibrodos_fertilizer, layout_loops_ring, dk_noncrumbling_4,
          minmay_stone_trees_medium

Skill      XL: |  1  2 |
---------------+-------+-----
Axes           | 2 |  2.0
Fighting       | |  3.5
Armour         | |  3.6
Shields        | |  3.6

Action                   || total
-------------------------++-------
Melee: War axe           ||    41
Armor: Scale mail        ||     2
       Plate armour      ||    25
Dodge: Dodged            ||    15
Block: Buckler           ||    10

Table legend: (Time is in decaauts)
 A = Elapsed time spent in this place.
 B = Non-inter-level travel time spent in this place.
 C = Inter-level travel time spent in this place.
 D = Time resting spent in this place.
 E = Time spent auto-exploring this place.
 F = Levels seen in this place.
 G = Mean time per level.
                   A        B        C        D        E       F      G
               +--------+--------+--------+--------+--------+-----+--------+
         Total |    939 |    939 |      0 |      0 |    764 |   2 |  469.5 |
       Dungeon |    939 |    939 |      0 |      0 |    764 |   2 |  469.5 |
               +--------+--------+--------+--------+--------+-----+--------+

Top non-repeatable levels by time:
     D:1: 696 daAuts
     D:2: 243 daAuts
